 Dungeon Crawl Stone Soup version 0.28.0-43-g3370ac3207 (webtiles) character file.

Game seed: 10374672195842490323

653 Ablot the Grasshopper (level 7, -2/56 HPs)
             Began as a Gnoll Warper on Mar 22, 2022.
             Was a Follower of Okawaru.
             Slain by an orc wizard
             ... wielding a +0 dagger
              (4 damage)
             ... on level 5 of the Dungeon.
             The game lasted 00:09:02 (5773 turns).

Ablot the Grasshopper (Gnoll Warper)                Turns: 5773, Time: 00:09:03

Health: -2/56      AC:  3    Str: 12    XL:     7   Next: 54%
Magic:  15/15      EV: 13    Int: 13    God:    Okawaru [*.....]
Gold:   210        SH:  0    Dex: 11    Spells: 15/17 levels left

rFire   . . .      SeeInvis .   e - +1 whip (elec)
rCold   . . .      Faith    .   (no shield)
rNeg    . . .      Spirit   .   b - +0 leather armour
rPois   .          Reflect  .   (no helmet)
rElec   .          Harm     .   (no cloak)
rCorr   .          Rampage  .   (no gloves)
Will    .....                   (no boots)
Stlth   ++........              k - amulet of the acrobat
HPRegen 0.18/turn               (no ring)
MPRegen 0.14/turn               (no ring)

@: no status effects
A: fangs 1, strong nose, distributed training
a: Renounce Religion, Heroism


You were on level 5 of the Dungeon.
You worshipped Okawaru.
Okawaru was aware of your devotion.
You visited 2 branches of the dungeon, and saw 6 of its levels.

You collected 210 gold pieces.

Inventory:

Hand Weapons
 a - a +0 spear
 d - a +2 dagger of venom
 e - a +1 whip of electrocution (weapon)
Missiles
 j - 26 sling bullets
 l - 72 arrows
 p - 77 stones
 t - 2 boomerangs (quivered)
 w - 5 boomerangs of dispersal
 C - a throwing net
Armour
 b - a +0 leather armour (worn)
Jewellery
 k - an amulet of the acrobat (around neck)
 y - the amulet of Lupid {RegenMP Harm rElec rF- Str+2 Slay+2}
   (You found it on level 4 of the Dungeon)

   [amulet of magic regeneration]

   It increases your rate of magic regeneration.
   Str:       It affects your strength (+2).
   Slay:      It affects your accuracy & damage with ranged weapons and melee
   (+2).
   rF:        It makes you vulnerable to fire.
   rElec:     It insulates you from electricity.
   Harm:      It increases damage dealt and taken.
 F - a ring of ice
Wands
 q - a wand of acid (10)
 z - a wand of iceblast (8)
Scrolls
 c - a scroll of blinking
 n - 4 scrolls of teleportation {unknown}
 r - a scroll of brand weapon {unknown}
 s - a scroll of enchant armour {unknown}
 v - a scroll of fog {unknown}
 x - a scroll of vulnerability {unknown}
 A - a scroll of fear {unknown}
 E - a scroll of identify {unknown}
Potions
 f - a potion of attraction {unknown}
 g - a potion of heal wounds {unknown}
 h - 3 potions of curing {unknown}
 i - a potion of brilliance {unknown}
 m - a potion of degeneration {unknown}
 o - a potion of haste {unknown}
 B - a potion of mutation {unknown}
 D - a potion of might {unknown}


   Skills:
 + Level 5.3 Fighting
 + Level 2.5 Short Blades
 + Level 2.5 Long Blades
 + Level 2.5 Axes
 + Level 2.5 Maces & Flails
 + Level 5.3 Polearms
 + Level 2.5 Staves
 + Level 2.5 Slings
 + Level 2.5 Bows
 + Level 2.5 Crossbows
 + Level 3.7 Throwing
 + Level 3.7 Armour
 + Level 5.3 Dodging
 + Level 2.5 Stealth
 + Level 2.5 Shields
 + Level 2.5 Unarmed Combat
 + Level 5.6 Spellcasting
 + Level 2.1 Conjurations
 + Level 2.1 Hexes
 + Level 2.1 Summonings
 + Level 2.1 Necromancy
 + Level 5.8 Translocations
 + Level 2.1 Transmutations
 + Level 2.1 Fire Magic
 + Level 2.1 Ice Magic
 + Level 2.1 Air Magic
 + Level 2.1 Earth Magic
 + Level 2.1 Poison Magic
 + Level 2.8 Invocations
 + Level 2.5 Evocations


You had 15 spell levels left.
You knew the following spells:

 Your Spells              Type           Power      Damage    Failure   Level
a - Blink                 Tloc           38%        N/A       3%          2

Your spell library contained the following spells:

 Spells                   Type           Power      Damage    Failure   Level
 Gell's Gravitas          Tloc           19%        N/A       6%          3
 Lesser Beckoning         Tloc           19%        N/A       6%          3
 Teleport Other           Tloc           19%        N/A       6%          3
 Magic Dart               Conj           36%        1d4       10%         1
 Searing Ray              Conj           18%        2d5       14%         2
 Manifold Assault         Tloc           19%        N/A       50%         5
 Fulminant Prism          Conj/Hex       4%         3d6       67%         4


Dungeon Overview and Level Annotations

Branches:
Dungeon (5/15)             Temple (1/1) D:4

Altars:
Ashenzari
Elyvilon
Fedhas
Gozag
Hepliaklqana
Kikubaaqudgha
Makhleb
Nemelex Xobeh
Okawaru
Uskayaw
Vehumet
Wu Jian
Yredelemnul
Zin
The Shining One


Innate Abilities, Weirdness & Mutations

You have very sharp teeth.
Your uncanny sense of smell can sniff out nearby items.
Your experience applies equally to all skills.


Message History

Unknown command.
You miss the orc wizard.
The orc wizard is moderately wounded.
The orc wizard hits you with a +0 dagger.
* * * LOW HITPOINT WARNING * * *
You bump into the rock wall.
The orc wizard hits you but does no damage.
You bump into the rock wall.
The orc wizard mumbles some strange words.
The orc wizard flickers and vanishes!
Deactivating autopickup; reactivate with Ctrl-A.
The orc priest hits you with a +0 hand axe.
* * * LOW HITPOINT WARNING * * *
You closely miss the orc priest. Your bite misses the orc priest.
Something hits you.
* * * LOW HITPOINT WARNING * * *
The orc priest closely misses you.
You hit the orc priest but do no damage.
Your bite misses the orc priest. Something barely misses you.
The orc priest hits you with a +0 hand axe.
* * * LOW HITPOINT WARNING * * *
You miss the orc priest. You bite the orc priest.
The orc priest is lightly wounded.
Something hits you.
* * * LOW HITPOINT WARNING * * *
You whack the orc priest!
Lightning courses through the orc priest!
You kill the orc priest!
Okawaru accepts your kill. Something hits you but does no damage.
Unknown command.
You bump into the rock wall.
You feel less confused. Something hits you.
* * * LOW HITPOINT WARNING * * *
You barely miss something. Something hits you.
* * * LOW HITPOINT WARNING * * *
You barely miss something. Your punch misses something.
Your bite misses something. Something hits you.
You die...

##.......# .# #..#
#.#...### .# #..#
##...#.# .. #..#
####..###.## #######
#..# .......##..###
....... ####
.#####...#...## .......
#.........# .......
#.......#.#### ......(
#.......#...@###....(..
#.......##.){#...o.o...
#.......##....o#....(..
##########...###.......
#...# ####### #####


There were no monsters in sight!

Vanquished Creatures
  3 ogres
  A phantom (D:5)
  A water moccasin zombie (D:5)
  A hound (D:3)
  An orc priest (D:5)
  2 iguanas
  4 gnolls
  3 adders
  An ufetubus (D:5)
  2 adder skeletons (D:4)
  A worm (D:2)
  6 dart slugs
  An orc (D:5)
  6 endoplasms
  A giant cockroach (D:1)
  5 goblins
  6 hobgoblins
  6 jackals
  4 quokkas
  6 ball pythons
  9 bats
  6 frilled lizards
  6 kobolds
  6 rats
88 creatures vanquished.

Vanquished Creatures (others)
  A withered plant (D:2)
1 creature vanquished.

Grand Total: 89 creatures vanquished

Notes
Turn   | Place    | Note
-------+----------+-------------------------------------------
     0 | D:1      | Ablot the Gnoll Warper began the quest for the Orb.
     0 | D:1      | Reached XP level 1. HP: 20/20 MP: 6/6
   150 | D:1      | Reached XP level 2. HP: 21/26 MP: 7/7
   205 | D:1      | Learned a level 2 spell: Blink
   893 | D:1      | Reached XP level 3. HP: 31/31 MP: 9/9
  1132 | D:2      | Reached skill level 5 in Spellcasting
  1531 | D:2      | Reached skill level 1 in Invocations
  1643 | D:2      | Found a faded altar of an unknown god.
  1676 | D:2      | Reached skill level 1 in Short Blades
  1676 | D:2      | Reached skill level 1 in Long Blades
  1676 | D:2      | Reached skill level 1 in Axes
  1676 | D:2      | Reached skill level 1 in Maces & Flails
  1676 | D:2      | Reached skill level 1 in Staves
  1676 | D:2      | Reached skill level 1 in Slings
  1676 | D:2      | Reached skill level 1 in Bows
  1676 | D:2      | Reached skill level 1 in Crossbows
  1676 | D:2      | Reached skill level 1 in Stealth
  1676 | D:2      | Reached skill level 1 in Shields
  1676 | D:2      | Reached skill level 1 in Unarmed Combat
  1676 | D:2      | Reached skill level 1 in Evocations
  1686 | D:2      | Reached XP level 4. HP: 7/38 MP: 11/11
  2992 | D:3      | Reached skill level 1 in Conjurations
  2992 | D:3      | Reached skill level 1 in Hexes
  2992 | D:3      | Reached skill level 1 in Summonings
  2992 | D:3      | Reached skill level 1 in Necromancy
  2992 | D:3      | Reached skill level 1 in Transmutations
  2992 | D:3      | Reached skill level 1 in Fire Magic
  2992 | D:3      | Reached skill level 1 in Ice Magic
  2992 | D:3      | Reached skill level 1 in Air Magic
  2992 | D:3      | Reached skill level 1 in Earth Magic
  2992 | D:3      | Reached skill level 1 in Poison Magic
  3352 | D:4      | Identified the amulet of Lupid {RegenMP Harm rElec rF-
                  | Str+2 Slay+2}
  3403 | D:4      | Noticed an ogre
  3421 | D:4      | Killed an ogre
  3422 | D:4      | Reached XP level 5. HP: 43/43 MP: 8/12
  3972 | D:4      | Reached XP level 6. HP: 50/50 MP: 13/13
  4375 | D:4      | Reached skill level 5 in Fighting
  4375 | D:4      | Reached skill level 5 in Polearms
  4375 | D:4      | Reached skill level 5 in Dodging
  4433 | D:4      | Found a radiant altar of Vehumet.
  4777 | D:4      | Found a staircase to the Ecumenical Temple.
  4784 | Temple   | Entered the Ecumenical Temple
  4963 | Temple   | Became a worshipper of Warmaster Okawaru
  5173 | D:5      | Entered Level 5 of the Dungeon
  5495 | D:5      | Reached XP level 7. HP: 30/56 MP: 10/15
  5602 | D:5      | Reached * piety under Okawaru
  5772 | D:5      | HP: 2/56 [something (1)]
  5773 | D:5      | Slain by an orc wizard

Illustrated notes

Levels and vault maps discovered:
D:1:      lemuel_arrival_funnel, layout_loops_cross, fountainhead
D:2:      layout_loops_ring, ebering_ecumenical_altar_petrified,
          minmay_misc_feat_rows
D:3:      layout_loops_corners
D:4:      layout_gridville, mainiacjoe_overflow_boulevard, temple_green
D:5:      layout_rooms, cheibrodos_sewer_entry_sluice, kennysheep_generic_room_5
Temple:   eino_narrow_crystal_temple

Skill      XL: |  1  2  3  4  5  6  7 |
---------------+----------------------+-----
Spellcasting   | 5 |  5.6
Invocations    | 1 2 |  2.8
Short Blades   | 1 2 |  2.5
Long Blades    | 1 2 |  2.5
Axes           | 1 2 |  2.5
Maces & Flails | 1 2 |  2.5
Staves         | 1 2 |  2.5
Slings         | 1 2 |  2.5
Bows           | 1 2 |  2.5
Crossbows      | 1 2 |  2.5
Stealth        | 1 2 |  2.5
Shields        | 1 2 |  2.5
Unarmed Combat | 1 2 |  2.5
Evocations     | 1 2 |  2.5
Conjurations   | 1 2 |  2.1
Hexes          | 1 2 |  2.1
Summonings     | 1 2 |  2.1
Necromancy     | 1 2 |  2.1
Transmutations | 1 2 |  2.1
Fire Magic     | 1 2 |  2.1
Ice Magic      | 1 2 |  2.1
Air Magic      | 1 2 |  2.1
Earth Magic    | 1 2 |  2.1
Poison Magic   | 1 2 |  2.1
Throwing       | 3 |  3.7
Armour         | 3 |  3.7
Fighting       | 5 |  5.3
Polearms       | 5 |  5.3
Dodging        | 5 |  5.3
Translocations | |  5.8

Action                   |  1- 3 |  4- 6 |  7- 9 || total
-------------------------+-------+-------+-------++-------
Melee: Spear             |   184 |   153 |       ||   337
       Bite              |     9 |    15 |     3 ||    27
       Punch             |     3 |     1 |     1 ||     5
       Dagger            |       |    23 |       ||    23
       Whip              |       |     5 |    24 ||    29
Throw: Dart              |       |    14 |     3 ||    17
       Boomerang         |       |    17 |     6 ||    23
 Cast: Blink             |       |     7 |     1 ||     8
 Stab: Sleeping          |     5 |     2 |       ||     7
Armor: Leather armour    |    32 |    16 |     5 ||    53
Dodge: Dodged            |    97 |    83 |    10 ||   190
